 Dungeon Crawl Stone Soup version 0.20.1-1-g8b1a95d (webtiles) character file.

257 Andry07 the Skirmisher (level 6, -3/40 HPs)
             Began as a Gargoyle Fighter on Oct 6, 2017.
             Killed from afar by an orc wizard (7 damage)
             ... with a magic dart
             ... on level 4 of the Dungeon.
             The game lasted 00:01:56 (1991 turns).

Andry07 the Skirmisher (Gargoyle Fighter)           Turns: 1991, Time: 00:01:57

Health: -3/40      AC: 11    Str: 22    XL:     6   Next: 16%
Magic:  6/6        EV:  7    Int:  8    God:
Gold:   149        SH:  9    Dex:  9    Spells: 5/5 levels left

rFire    . . .     SeeInvis .   a - +0 flail
rCold    . . .     Gourm    .   c - +0 shield
rNeg     + . .     Faith    .   b - +0 scale mail
rPois    ∞         Spirit   .   (no helmet)
rElec    +         Reflect  .   (no cloak)
rCorr    .         Harm     .   (no gloves)
MR       .....                  (no boots)
Stlth    ..........             (no amulet)
Regen    0.2/turn               (no ring)
MPRegen  0.1/turn               (no ring)

@: no status effects
A: negative energy resistance 1, electricity resistance, unbreathing,
petrification resistance, rot immunity, AC +4
a: no special abilities


You were on level 4 of the Dungeon.
You were very hungry.

You visited 1 branch of the dungeon, and saw 4 of its levels.

You collected 149 gold pieces.

Inventory:

Hand Weapons
 a - a +0 flail (weapon)
Armour
 b - a +0 scale mail (worn)
 c - a +0 shield (worn)
Jewellery
 q - a cursed +4 ring of slaying {unknown}
Wands
 r - a wand of disintegration (10/24)
 y - a wand of random effects (18/48)
Scrolls
 h - a scroll of noise {unknown}
 k - a scroll of enchant armour {unknown}
 l - 3 scrolls of identify {unknown}
 m - 2 scrolls of remove curse {unknown}
 p - a scroll of teleportation {unknown}
 s - a scroll of magic mapping {unknown}
 u - a scroll of amnesia {unknown}
 w - a scroll of recharging {unknown}
 z - a scroll of enchant weapon {unknown}
Potions
 d - 2 potions of might
 e - a potion of resistance {unknown}
 g - a potion of heal wounds {unknown}
 i - 2 potions of curing {unknown}
 o - a potion of lignification {unknown}
 v - 2 potions of flight {unknown}
 x - a potion of brilliance {unknown}
Comestibles
 f - 3 bread rations
 j - 2 fruits
 n - 3 meat rations
 t - a royal jelly


   Skills:
 + Level 5.0 Fighting
 + Level 4.2 Maces & Flails
 + Level 4.7 Armour
 - Level 3.2 Shields


You had 5 spell levels left.
You didn't know any spells.

Dungeon Overview and Level Annotations

Branches:
Dungeon (4/15)
 Temple: D:4-7

Altars:
Kikubaaqudgha
Makhleb
Uskayaw
Xom
Zin

Shops:
D:4 (


Innate Abilities, Weirdness & Mutations

You are resistant to torment.
Your stone body is resilient. (AC +4)
You are immune to poison.
You resist negative energy. (rN+)
You are resistant to electric shocks. (rElec)
You can survive without breathing.
You are immune to petrification.
You are immune to rotting.


Message History

You are too injured to fight recklessly!
You closely miss the orc priest.
You are feeling very hungry.
Something hits you but does no damage. You block the orc priest's attack.
You closely miss the orc priest. Something hits you but does no damage.
The orc priest hits you but does no damage.
You hear some strange, mumbled words.
A magic dart appears from out of thin air!
The magic dart hits you!
The orc priest hits you but does no damage.
You hit the orc priest but do no damage.
Something hits you but does no damage.
The orc priest mumbles some strange prayers to Beogh against you.
Beogh smites you!
* * * LOW HITPOINT WARNING * * *
You closely miss the orc priest.
You hear some strange, mumbled words.
A magic dart appears from out of thin air!
The magic dart hits you!
You die...

....# #.#######.#
....########.#######.#
....#..........._....#
....+................#
....#................#
....#..[.............#
#.......[........# #
#...########.###....
#...# #..)@{...# #...#
#..#o#...... .....#
#.........#. ......
#.........≈≈ ....
#.....?...PP
#..........P
....%......P
............


You could see an orc priest.

Vanquished Creatures
  An orc priest (D:4)
  3 orc wizards
  A worker ant (D:3)
  4 adders
  3 worms
  A leopard gecko (D:1)
  13 orcs
  5 bats
  3 giant cockroaches
  5 hobgoblins
  5 jackals
  6 kobolds
  A ball python (D:3)
  6 frilled lizards
  4 goblins
  6 rats
67 creatures vanquished.

Notes
Turn   | Place    | Note
-------+----------+-------------------------------------------
     0 | D:1      | Andry07 the Gargoyle Fighter began the quest for the Orb.
     0 | D:1      | Reached XP level 1. HP: 14/14 MP: 1/1
    93 | D:1      | Reached XP level 2. HP: 7/19 MP: 2/2
   679 | D:2      | Found a hide-covered altar of Uskayaw.
   697 | D:2      | Reached XP level 3. HP: 24/24 MP: 3/3
   717 | D:2      | Found a glowing silver altar of Zin.
   992 | D:2      | Found a burning altar of Makhleb.
   993 | D:2      | Found a shimmering altar of Xom.
  1012 | D:2      | Found a faded altar of an unknown god.
  1197 | D:3      | Reached skill level 4 in Fighting
  1221 | D:3      | Reached XP level 4. HP: 27/29 MP: 4/4
  1540 | D:3      | Reached XP level 5. HP: 23/34 MP: 5/5
  1932 | D:4      | Reached XP level 6. HP: 38/40 MP: 6/6
  1960 | D:4      | Found an ancient bone altar of Kikubaaqudgha.
  1960 | D:4      | Found Qeemupnu's Weapon Shoppe.
  1984 | D:4      | Reached skill level 5 in Fighting
  1991 | D:4      | Killed from afar by an orc wizard

Skill      XL: |  1  2  3  4  5  6 |
---------------+-------------------+-----
Maces & Flails | 3 4 |  4.2
Fighting       | 4 5 |  5.0
Armour         | 4 |  4.7
Shields        | |  3.2

Action                   |  1- 3 |  4- 6 || total
-------------------------+-------+-------++-------
Melee: Flail             |    90 |   157 ||   247
  Eat: Chunk             |     1 |     2 ||     3
Armor: Scale mail        |    52 |   113 ||   165
Dodge: Dodged            |    24 |    68 ||    92
Block: Shield            |    36 |   120 ||   156
